Map: [ESL] Babylon

Players

Fjant - Winner!

  • Race: Zerg Zerg
  • Spawn Location: 11:00

FightingFrog

  • Race: Protoss Protoss
  • Spawn Location: 5:00

Event: ESL SC2 Masters 2023 Summer (Finals)

VOD

Have the link to the VOD?

Description

Time

  • Played on: June 16, 2023, 10:31 a.m.
  • Length: 11:49

All games in this series

Show
View Real Time Build Order
Export as new Build Order

Fjant Zerg - Winner!

Build Orders: Hatch First 

Get SALT Encoding   

  12  0:01  Drone  
  13  0:14  Overlord  
  13  0:17  Drone  
  14  0:32  Drone x2  
  16  0:47  Hatchery  
  15  0:52  Drone  
  15  0:57  Drone  
  17  0:58  Drone  
  18  1:11  Extractor  
  17  1:14  Spawning Pool  
  17  1:17  Drone  
  17  1:20  Drone  
  18  1:30  Drone  
  19  1:44  Drone  
  20  1:52  Drone  
  21  2:01  Queen x2  
  21  2:02  Drone x2  
  27  2:12  Overlord  
  27  2:13  Drone  
  28  2:24  Hatchery  
  28  2:27  Zergling x2  
  28  2:30  Metabolic Boost  
  28  2:35  Drone  
  29  2:40  Drone  
  29  2:41  Drone  
  29  2:43  Drone  
  32  2:45  Overlord  
  32  2:58  Queen  
  34  2:59  Zergling x4  
  34  3:05  Drone  
  37  3:10  Queen  
  37  3:11  Drone x4  
  43  3:22  Drone  
  43  3:24  Overlord  
  44  3:30  Overlord  
  44  3:38  Drone x2  
  44  3:39  Drone  
  47  3:42  Drone  
  47  3:43  Drone x2  
  47  3:44  Overlord  
  47  3:48  Queen  
  50  3:49  Queen  
  50  3:51  Drone  
  50  3:54  Drone  
  56  3:57  Spore Crawler  
  56  3:58  Drone x2  
  56  4:01  Drone  
  58  4:05  Zergling x2  
  58  4:07  Queen  
  58  4:09  Zergling x6  
  64  4:16  Zergling x4  
  65  4:19  Drone x2  
  65  4:21  Drone  
  65  4:23  Drone  
  69  4:25  Lair  
  69  4:27  Drone x2  
  71  4:36  Zergling x6  
  74  4:44  Zergling x6  
  74  4:47  Overlord x2  
  74  4:53  Overlord x2  
  74  4:58  Overlord  
  72  5:02  Overlord  
  72  5:03  Drone x2  
  72  5:05  Drone  
  72  5:06  Drone x2  
  77  5:12  Roach Warren  
  77  5:13  Hatchery  
  76  5:17  Drone x3  
  78  5:24  Zergling x10  
  78  5:26  Drone, Spore Crawler  
  78  5:28  Extractor  
  79  5:29  Extractor  
  78  5:38  Drone  
  78  5:39  Drone x2  
  78  5:40  Spore Crawler  
  80  5:43  Extractor  
  80  5:44  Extractor, Drone x2  
  80  5:48  Overlord  
  80  5:50  Drone x3  
  80  5:52  Spire  
  80  5:53  Extractor, Drone x3  
  83  6:03  Drone x6  
  89  6:04  Evolution Chamber  
  87  6:11  Overlord  
  87  6:12  Drone  
  87  6:13  Drone x3  
  91  6:23  Drone x4  
  91  6:24  Drone  
  96  6:26  Overlord  
  96  6:29  Extractor  
  96  6:30  Extractor  
  96  6:32  Overlord  
  94  6:36  Spore Crawler  
  94  6:37  Zerg Melee Weapons Level 1  
  91  6:55  Hatchery  
  90  7:02  Zergling x8  
  90  7:04  Mutalisk x10  
  114  7:09  Zerg Flyer Weapons Level 1  
  114  7:12  Mutalisk  
  116  7:16  Drone x9  
  116  7:21  Mutalisk  
  127  7:23  Drone  
  127  7:24  Drone x5  
  133  7:30  Baneling Nest, Roach Warren  
  133  7:33  Zergling x6  
  134  7:39  Zergling x8  
  134  7:43  Zergling x2  
  133  7:47  Mutalisk x2  
  133  7:48  Mutalisk x2  
  135  7:55  Overlord  
  135  7:57  Zergling x12  
  141  8:03  Zergling x8  
  137  8:10  Mutalisk x4  
  137  8:13  Zergling x2  
  137  8:19  Overseer  
  135  8:20  Zergling x10  
  135  8:24  Mutalisk x3  
  146  8:29  Mutalisk  
  146  8:30  Mutalisk x2  
  152  8:34  Mutalisk  
  152  8:36  Zergling x2  
  149  8:43  Mutalisk x2  
  149  8:45  Zergling x12  
  149  8:46  Glial Reconstitution  
  151  8:51  Zergling x12  
  151  8:54  Zergling x6  
  158  8:56  Zerg Melee Weapons Level 2  
  158  9:03  Centrifugal Hooks  
  158  9:05  Zergling x10  
  161  9:10  Zergling x4  
  161  9:14  Zergling x2  
  161  9:15  Zergling x4  
  164  9:18  Overlord x3  
  160  9:32  Roach x2  
  160  9:34  Overlord x3  
  160  9:37  Overlord  
  164  9:38  Roach  
  164  9:39  Roach x6  
  164  9:41  Roach x2  
  164  9:44  Roach x2  
  164  9:45  Roach  
  188  9:52  Overlord  
  188  9:53  Baneling x14  
  188  9:54  Baneling x4  
  188  9:58  Baneling x10  
  181  10:15  Zergling x42  
  192  10:21  Zergling x2  
  192  10:22  Zergling x8  
  192  10:24  Zergling x10  
  197  10:35  Roach x5  
  199  10:41  Infestation Pit  
  197  10:49  Baneling x18  
  194  10:50  Baneling x20  
  194  10:52  Baneling x6  
  194  10:55  Baneling x4  
  194  10:56  Drone  
  195  10:59  Baneling x4  
  195  11:00  Zergling x10  
  195  11:15  Zergling x24  
  195  11:16  Zergling x10  
  172  11:27  Zergling x16  
  172  11:29  Zergling x2  
  172  11:31  Zergling x2  
Show
View Real Time Build Order
Export as new Build Order

FightingFrog Protoss 

Build Orders: 1 Gate Expand, Oracle Opening, Zealot Archon 

Get SALT Encoding   

  12  0:00  Probe  
  13  0:12  Probe  
  14  0:17  Pylon  
  14  0:24  Probe (Chrono Boost)  
  15  0:36  Probe (Chrono Boost)  
  15  0:38  Gateway  
  16  0:43  Probe (Chrono Boost)  
  16  0:46  Assimilator  
  17  0:51  Probe  
  18  1:03  Probe  
  19  1:15  Probe  
  20  1:24  Nexus  
  20  1:27  Probe  
  21  1:37  Cybernetics Core  
  21  1:40  Probe  
  21  1:44  Assimilator  
  22  1:51  Pylon  
  22  1:54  Probe  
  23  2:09  Probe  
  23  2:11  Adept (Chrono Boost)  
  23  2:15  Warp Gate  
  26  2:21  Probe  
  27  2:31  Stargate, Adept (Chrono Boost)  
  27  2:33  Probe  
  27  2:36  Probe  
  31  2:45  Probe  
  31  2:48  Probe  
  33  3:00  Nexus  
  33  3:01  Probe  
  33  3:03  Probe  
  35  3:12  Assimilator  
  35  3:13  Probe  
  35  3:15  Probe, Oracle (Chrono Boost)  
  40  3:22  Pylon  
  40  3:25  Probe  
  41  3:32  Twilight Council  
  42  3:34  Probe  
  42  3:39  Gateway  
  42  3:40  Probe  
  43  3:47  Gateway  
  43  3:50  Probe  
  43  3:53  Probe  
  45  4:02  Pylon  
  45  4:03  Probe  
  45  4:05  Probe  
  46  4:10  Stalker  
  46  4:13  Probe  
  46  4:15  Probe, Blink (Chrono Boost), Pylon  
  50  4:20  Probe  
  51  4:25  Probe  
  51  4:27  Probe  
  51  4:30  Oracle  
  56  4:34  Pylon  
  56  4:40  Probe  
  56  4:41  Probe  
  56  4:46  Stalker  
  56  4:47  Shield Battery  
  56  4:48  Probe  
  59  4:53  Probe  
  59  4:54  Probe  
  59  4:56  Zealot x2  
  65  5:00  Probe, Pylon  
  65  5:05  Probe  
  65  5:06  Probe  
  66  5:09  Oracle  
  66  5:12  Probe  
  70  5:15  Stalker  
  70  5:18  Probe x2  
  74  5:24  Probe  
  73  5:30  Probe x2  
  73  5:31  Pylon  
  73  5:32  Pylon  
  73  5:34  Assimilator  
  75  5:36  Assimilator  
  75  5:37  Probe  
  75  5:38  Assimilator  
  75  5:39  Forge  
  75  5:42  Probe  
  77  5:47  Pylon  
  77  5:49  Probe x2, Pylon  
  79  5:51  Shield Battery  
  79  5:54  Probe  
  80  5:57  Robotics Facility, Templar Archives  
  80  6:02  Probe x2  
  81  6:06  Probe  
  81  6:11  Protoss Ground Armor Level 1 (Chrono Boost)  
  81  6:14  Probe x2  
  81  6:17  Pylon  
  81  6:18  Probe, Charge  
  84  6:24  Gateway  
  84  6:26  Probe x2  
  84  6:29  Gateway  
  84  6:30  Probe  
  84  6:31  Stalker x2  
  91  6:32  Stalker  
  91  6:35  Gateway  
  91  6:38  Probe x2  
  95  6:42  Probe  
  95  6:43  Pylon  
  95  6:45  Immortal (Chrono Boost)  
  99  6:55  Gateway  
  99  6:57  Gateway  
  99  6:59  Psionic Storm, Pylon  
  99  7:01  Pylon  
  99  7:03  Nexus  
  99  7:04  Pylon  
  99  7:08  Pylon  
  99  7:11  Forge  
  99  7:12  High Templar x3  
  105  7:19  Observer (Chrono Boost)  
  106  7:26  Gateway  
  106  7:29  Gateway  
  106  7:30  Gateway  
  106  7:34  High Templar  
  108  7:39  Stalker  
  108  7:40  Probe  
  111  7:46  Archon  
  111  7:48  Photon Cannon  
  111  7:50  Photon Cannon x2  
  111  7:51  Stalker x4, Photon Cannon  
  105  8:04  Stalker x2  
  100  8:10  Stalker  
  98  8:18  Probe  
  98  8:19  Probe x2  
  101  8:25  High Templar x4  
  101  8:26  Stalker x2  
  113  8:27  Zealot x3  
  113  8:30  Photon Cannon  
  113  8:32  Photon Cannon  
  113  8:33  Archon  
  113  8:34  Archon  
  101  8:57  Photon Cannon  
  101  8:58  Probe x4  
  101  8:59  Photon Cannon  
  101  9:00  Photon Cannon  
  105  9:04  Shield Battery  
  105  9:05  Stalker x4  
  105  9:07  Pylon  
  112  9:10  Probe  
  111  9:18  High Templar x2, Stalker x2  
  111  9:23  Archon, Stalker  
  121  9:31  Stalker x2, Assimilator x2  
  119  9:40  Photon Cannon  
  119  9:41  Pylon, Shield Battery  
  119  9:42  Photon Cannon  
  119  9:50  Observer  
  119  9:52  Stalker x4  
  128  10:00  Pylon  
  122  10:07  Stalker x4  
  119  10:24  Stalker x3  
  119  10:25  Stalker x2  
  119  10:47  Probe x2  
  119  10:49  Nexus, High Templar x5  
  131  11:05  High Templar x2  
  131  11:06  Zealot x2  
  131  11:11  Archon x2  
  135  11:15  Archon  
  112  11:24  Stalker x5  
  86  11:30  Zealot x2  
  51  11:42  High Templar x2  
Tags
 
Add a new tag
Caveats
  • Supply blocks, unpowered buildings, or Contaminate may cause inaccurate times.
  • Supply counts are checked every 10 seconds.